 Dungeon Crawl Stone Soup version 0.31-a0-997-g9a2f3ffc92 (webtiles) character file.

Game seed: 14089691079153166274

28 Dirtsage the Chopper (level 3, 25/29 HPs)
             Began as a Demonspawn Berserker on Nov 7, 2023.
             Was a Believer of Trog.
             Quit the game on level 1 of the Dungeon.
             The game lasted 00:00:59 (413 turns).

Dirtsage the Chopper (Demonspawn Berserker)          Turns: 413, Time: 00:00:59

Health: 25/29      AC:  6    Str: 19    XL:     3   Next: 0%
Magic:  3/3        EV: 10    Int:  8    God:    Trog [**....]
Gold:   76         SH:  0    Dex: 12    Spells: 2/2 levels left

rFire   . . .        a - +0 hand axe
rCold   . . .        (no shield)
rNeg    . . .        e - +0 scale mail
rPois   .            (no helmet)
rElec   .            (no cloak)
rCorr   .            (no gloves)
SInv    .            (no boots)
Will    .....        (no amulet) Stlth
                     (no ring)
HPRegen 0.24/turn    (no ring)
MPRegen 0.08/turn

%: no passive effects
@: no status effects
A: demonic guardian 1, spiny 1
a: Renounce Religion, Berserk, Trog's Hand


You were on level 1 of the Dungeon.
You worshipped Trog.
Trog was pleased with you.
You visited 1 branch of the dungeon, and saw 2 of its levels.

You collected 76 gold pieces.

Inventory:

Hand Weapons
 a - a +0 hand axe (weapon)
Armour
 b - a +0 animal skin
 e - a +0 scale mail (worn)
Scrolls
 d - a scroll of vulnerability {unknown}
Potions
 c - 2 potions of attraction {unknown}


   Skills:
 - Level 3.0 Fighting
 + Level 3.8 Axes
 - Level 1.7 Armour
 - Level 1.7 Dodging


You had 2 spell levels left.
You didn't know any spells.
Your spell library contained the following spells:

 Spells                   Type           Power      Damage    Failure   Level
 Cigotuvi's Dreadful Rot  Necr/Pois/Air  0%         N/A       90%         2
 Dispel Undead            Necr           0%         3d6       100%        4
 Death Channel            Necr           0%         N/A       100%        6


Dungeon Overview and Level Annotations

Branches:
Dungeon (2/15)

Altars:


Innate Abilities, Weirdness & Mutations

A weak demonic guardian rushes to your aid.
You are partially covered in sharp spines.


Message History

You barely miss the kobold. The kobold hits you but does no damage.
You closely miss the kobold.
The kobold hits you with a +0 short sword.
You take 1 damage, and have 23/24 hp.
You hit the kobold but do no damage.
The kobold hits you with a +0 short sword.
The kobold barely misses you.
You take 2 damage, and have 21/24 hp.
You hit the kobold.
The kobold is severely wounded.
The kobold is struck by your spines.
You kill the kobold!
Trog accepts your kill.
No target in view!
No target in view!
Things that are here:
a +0 short sword; a stone You now have 76 gold pieces (gained 11).
A goblin comes into view. It is wielding a +0 club.
The goblin shouts!
Health restored: 24 The goblin closely misses you.
You barely miss the goblin. The goblin is struck by your spines.
The goblin hits you but does no damage.
You closely miss the goblin.
The goblin is moderately wounded.
The goblin is struck by your spines. The goblin hits you with a +0 club.
You take 4 damage, and have 20/24 hp.
You slash the goblin!
You kill the goblin!
Trog accepts your kill.
You can now call upon Trog for regeneration and willpower.
You have reached level 3!
Your experience leads to an increase in your attributes!
Increase (s)trength, (i)ntelligence, or (d)exterity?
You feel stronger. x2; Your demonic ancestry asserts itself...
You feel the presence of a demonic guardian.
You regained 5 hp, and now have 25/29 hp.
MP restored: 3 Are you sure you want to abandon this character and quit the game? (Confirm with "yes".)

#######.######.# .#
#.# #.##.# # #.#
#.##.# #
#######.######.##.####
#.....................
#.###.#.#.#####.###...
#.#♣♣.♣♣##.## ##.. #.#
P♣...# #.# #@# ♣♣##.##
##.. #)# #..###.## #.#
#.#...### #.# #.#####
# #.. #.. # ... #.# #
#.. #.♣ # #..# #.♣ #
#.♣


There were no monsters in sight!

Vanquished Creatures
  A ball python (D:1)
  3 endoplasms
  2 giant cockroaches
  4 goblins (D:1)
  3 hobgoblins (D:1)
  5 kobolds (D:1)
  A quokka (D:1)
  A bat (D:1)
  A frilled lizard (D:2)
  2 rats
23 creatures vanquished.

Notes
Turn   | Place    | Note
-------+----------+-------------------------------------------
     0 | D:1      | Dirtsage the Demonspawn Berserker began the quest for the
                  | Orb.
     0 | D:1      | Reached XP level 1. HP: 18/18 MP: 1/1
     2 | D:1      | You fall into a shaft and drop 1 floor!
    64 | D:1      | Found a faded altar of an unknown god.
   140 | D:1      | Gained mutation: You are partially covered in sharp spines.
                  | [demonic ancestry]
   140 | D:1      | Reached XP level 2. HP: 23/24 MP: 2/2
   412 | D:1      | Reached ** piety under Trog
   413 | D:1      | Gained mutation: A weak demonic guardian rushes to your
                  | aid. [demonic ancestry]
   413 | D:1      | Reached XP level 3. HP: 25/29 MP: 3/3
   413 | D:1      | Quit the game

Illustrated notes

Levels and vault maps discovered:
D:1:      lightli_arrival_chessboard, layout_loops_ring,
          ebering_ecumenical_altar_petrified, serial_forest,
          infiniplex_forest_lined_room_2, infiniplex_forest_lined_room_3,
          infiniplex_forest_zigzag_1, infiniplex_forest_end_2,
          infiniplex_forest_straight_4
D:2:      layout_rooms, basic_altar

Skill      XL: |  1 |
---------------+----+-----
Axes           | 3 |  3.8
Fighting       | |  3.0
Armour         | |  1.7
Dodging        | |  1.7

Action                     || total
---------------------------++-------
  Melee: Hand axe          ||    42
         Punch             ||     2
 Armour: Animal skin       ||    13
         Scale mail        ||    11
  Dodge: Dodged            ||    29

Table legend: (Time is in decaauts)
 A = Elapsed time spent in this place.
 B = Non-inter-level travel time spent in this place.
 C = Inter-level travel time spent in this place.
 D = Time resting spent in this place.
 E = Time spent auto-exploring this place.
 F = Levels seen in this place.
 G = Mean time per level.
                   A        B        C        D        E       F      G
               +--------+--------+--------+--------+--------+-----+--------+
         Total |    417 |    417 |      0 |      0 |    281 |   2 |  208.5 |
       Dungeon |    417 |    417 |      0 |      0 |    281 |   2 |  208.5 |
               +--------+--------+--------+--------+--------+-----+--------+

Top non-repeatable levels by time:
     D:1: 392 daAuts
     D:2: 25 daAuts
